 Dungeon Crawl Stone Soup version 0.28.0 (webtiles) character file.

Game seed: 6111371956957502459

166 DildoBatman the Conjurer (level 5, -5/36 (37) HPs)
             Began as a Formicid Conjurer on Feb 6, 2022.
             Slain by a centaur (11 damage)
             ... on level 3 of the Dungeon.
             The game lasted 00:07:23 (3112 turns).

DildoBatman the Conjurer (Formicid Conjurer)        Turns: 3112, Time: 00:07:24

HP:   -5/36 (37)    AC:  6    Str: 11    XL:     5   Next: 76%
MP:   3/8           EV: 12    Int: 18    God:
Gold: 173           SH:  0    Dex: 11    Spells: 6/9 levels left

rFire   . . .      SeeInvis +   a - +2 whip (elec)
rCold   . . .      Faith    .   (no shield)
rNeg    . . .      Spirit   .   k - +0 robe
rPois   .          Reflect  .   (helmet unavailable)
rElec   .          Harm     .   (no cloak)
rCorr   .          Rampage  .   (no gloves)
Will    .....                   (no boots)
Stlth   ++........              (no amulet)
HPRegen 0.12/turn               n - +4 ring of protection
MPRegen 0.11/turn               (no ring)

@: lightly drained
A: permanent stasis, dig shafts and tunnels, antennae 3, four strong arms
a: Dig, Shaft Self


You were on level 3 of the Dungeon.
You visited 1 branch of the dungeon, and saw 4 of its levels.

You collected 173 gold pieces.

Inventory:

Hand Weapons
 a - a +2 whip of electrocution (weapon)
 b - a +0 hunting sling
Missiles
 c - 4 atropa-tipped darts
 d - 19 bolts
 e - 38 arrows
 l - 84 stones
 q - 2 javelins
Armour
 k - a +0 robe (worn)
Jewellery
 n - a +4 ring of protection (left hand)
 o - a +4 ring of evasion
Wands
 t - a wand of digging (1)
Scrolls
 p - a scroll of identify {unknown}
 r - a scroll of enchant armour {unknown}
 s - a scroll of immolation {unknown}
 u - a scroll of teleportation {unknown}
Potions
 f - 3 potions of curing {unknown}
 g - 3 potions of heal wounds {unknown}
 h - a potion of attraction {unknown}
 i - a potion of lignification {unknown}
 j - 2 potions of brilliance {unknown}
 m - a potion of invisibility {unknown}


   Skills:
 * Level 1.2 Fighting
 * Level 1.2 Armour
 - Level 1.7 Dodging
 - Level 2.4 Stealth
 * Level 2.6 Spellcasting
 * Level 5.5 Conjurations


You had 6 spell levels left.
You knew the following spells:

 Your Spells              Type           Power      Damage    Failure   Level
a - Searing Ray           Conj           44%        2d6       2%          2
c - Magic Dart            Conj           88%        1d7       1%          1

Your spell library contained the following spells:

 Spells                   Type           Power      Damage    Failure   Level
 Summon Small Mammal      Summ           8%         N/A       17%         1
 Dazzling Flash           Conj/Hex       24%        N/A       17%         3
 Call Canine Familiar     Summ           2%         N/A       45%         3
 Summon Guardian Golem    Hex/Summ       2%         N/A       45%         3
 Fulminant Prism          Conj/Hex       6%         3d7       50%         4
 Iskenderun's Mystic Bla  Conj/Tloc      12%        2d5       50%         4


Dungeon Overview and Level Annotations

Branches:
Dungeon (4/15)
 Temple: D:4-7

Altars:
Gozag
Zin

Annotations:
D:3 1 exclusion
D:4 exclusion: goblin, Dowan, Duvessa


Innate Abilities, Weirdness & Mutations

You cannot be hasted, slowed, berserked, paralysed or teleported.
You can dig through walls and to a lower floor.
You have a pair of large antennae on your head. (SInv)
Your four strong arms can wield two-handed weapons with a shield.


Message History

g - Guard the area. f - Follow me.
Anything else - Cancel.
You shout for attention!
What are your orders? t - Shout!
Orders for allies: a - Attack new target. r - Retreat! s - Stop attacking. g - Guard the area. f - Follow me.
Anything else - Cancel.
You shout for attention!
The centaur barely misses you. x2
The centaur hits you with a +0 war axe.
The centaur kicks you but does no damage.
Casting: Magic Dart (safe; 1% risk of failure)
Confirm with . or Enter, or press ? or * to list all spells.
Aiming: Searing Ray (safe; 2% risk of failure)
Press: ? - help, Shift-Dir - straight line, f - centaur
Aim: a centaur, wielding a +0 war axe and quivering arrows (87% to hit)
The searing ray hits the centaur.
The centaur is lightly wounded. (Press . to maintain the ray.)
The centaur hits you with a +0 war axe! The centaur barely misses you.
The searing ray hits the centaur.
The centaur is moderately wounded.
The centaur hits you with a +0 war axe.
The centaur kicks you but does no damage.
The centaur hits you with a +0 war axe. The centaur kicks you.
The searing ray hits the centaur!
The centaur is heavily wounded.
The centaur hits you with a +0 war axe!
The centaur kicks you but does no damage.
The searing ray hits the centaur.
The centaur is severely wounded.
You finish channelling your searing ray.
The centaur hits you but does no damage.
The centaur kicks you but does no damage.
The centaur hits you with a +0 war axe!
You die...

#..#######.# #.# #.#.## ##.
#......).).# #.# #.#.## ##
#)########## ##.## #....##### #.#
#.#.# #.......##
..##############..## #....##.##
.................## #.#.##...#
.###.########.##.#######.#.#.....
.# #.# #.#..c............... .#
#.# #.#.@##########c..... .# #.#
#.#.................# .# #.#
####.#..########.###..## .# #.#
#....#..# #.#....# . #.#
#.####..# #.#.#.## #.# #.# #..#
#.....#
#.#####.####..##########.###
#...................####.#
#######.##########.......#


You could see a centaur.

Vanquished Creatures
  An orc wizard (D:3)
  A hound skeleton (D:3)
  6 adders
  2 dart slugs
  4 orcs (D:3)
  5 ball pythons
  6 bats
  4 endoplasms
  3 giant cockroaches
  9 goblins
  6 hobgoblins
  4 jackals (D:2)
  2 frilled lizards
  5 kobolds
  3 rats
61 creatures vanquished.

Notes
Turn   | Place    | Note
-------+----------+-------------------------------------------
     0 | D:1      | DildoBatman the Formicid Conjurer began the quest for the
                  | Orb.
     0 | D:1      | Reached XP level 1. HP: 13/13 MP: 3/3
   263 | D:1      | Reached XP level 2. HP: 2/19 MP: 0/5
   267 | D:1      | Learned a level 2 spell: Searing Ray
   331 | D:1      | Reached skill level 4 in Conjurations
   941 | D:1      | Reached XP level 3. HP: 21/24 MP: 1/6
  1606 | D:2      | Found a faded altar of an unknown god.
  1624 | D:2      | Reached XP level 4. HP: 30/30 MP: 4/7
  1737 | D:2      | Reached skill level 5 in Conjurations
  1944 | D:3      | Noticed a centaur
  2125 | D:3      | Reached XP level 5. HP: 36/36 MP: 2/8
  2432 | D:3      | Reached skill level 1 in Fighting
  2432 | D:3      | Reached skill level 1 in Armour
  2664 | D:3      | Found a glowing silver altar of Zin.
  2767 | D:3      | Found an opulent altar of Gozag.
  2859 | D:4      | Noticed Duvessa
  2859 | D:4      | Noticed Dowan
  3112 | D:3      | Slain by a centaur

Illustrated notes

Levels and vault maps discovered:
D:1:      dpeg_arrival_signposts, layout_basic
D:2:      layout_rooms, shapermc_ecumenical_altar_starsandcircs, minivault_14,
          minmay_misc_feat_more_columns
D:3:      layout_loops_ring, pdpol_temple_overflow_zin_treasury_gozag_greed
D:4:      layout_rooms, minmay_between, uniq_duvessa, uniq_robin, uniq_edmund

Skill      XL: |  1  2  3  4  5 |
---------------+----------------+-----
Conjurations   | 4 5 |  5.5
Fighting       | 1 |  1.2
Armour         | 1 |  1.2
Dodging        | |  1.7
Stealth        | |  2.4
Spellcasting   | |  2.6

Action                   |  1- 3 |  4- 6 || total
-------------------------+-------+-------++-------
Melee: Short sword       |    14 |       ||    14
       Whip              |    18 |       ||    18
 Fire: Hunting sling     |    17 |    36 ||    53
 Cast: Magic Dart        |    30 |     7 ||    37
       Searing Ray       |     6 |    15 ||    21
 Abil: Dig               |       |     1 ||     1
Armor: Robe              |     7 |    12 ||    19
Dodge: Dodged            |    36 |     7 ||    43
